AoeStats
← fedegar50

Nomad

510927509Analyzed
4v4 RM · 14h ago on Oct 3, 2026· 46m 23s· 8 players
Game mode
Random Map
Map size
231×231
Population
200
Speed
Normal
Resources
Standard
Victory
Conquest
Starting age
Dark Age
Ending age
Imperial Age
RankedLock teamsTeams togetherTeam positionsShared explorationLock speedFull tech treeHidden civsTurbo modeCheats
Victory
Defeat
🇺🇸 Goths · United States
1129
+15
🇦🇷 Vietnamese · Argentina
1129
+15
🇺🇸 Varangians · United States
1120
+15
🇺🇸 Magyars · United States
1111
+16
🇲🇽 Magyars · Mexico
1159
-18
🇨🇷 Japanese · Costa Rica
1141
-17
🇲🇽 Koreans · Mexico
1135
-16
🇺🇾 Vietnamese · Uruguay
985
-10
Brumno AoE
16:13 Feudal Age
15:22 Loom
17:18 Man-at-Arms
19:50 Fletching
22:13 Fishing Lines
29:06 Double-Bit Axe
34:59 Castle Age
34:52 Wheelbarrow
41:05 Imperial Age
38:56 Murder Holes
41:44 Demolition Ship
DSLG | CHEF GABO
4:34 Loom
13:59 Feudal Age
14:34 Double-Bit Axe
17:15 Fishing Lines
18:37 Wheelbarrow
17:49 Town Watch
23:36 Castle Age
22:33 Fletching
22:43 Gold Mining
23:27 Stone Mining
24:30 Medium Warships
25:54 Gold Shaft Mining
29:36 Bow Saw
30:15 Careening
30:14 Siphons
30:25 Gillnets
32:27 Ballistics
32:16 Bodkin Arrow
33:23 Scale Barding Armor
33:29 Forging
33:58 Eupseong
34:41 Murder Holes
35:43 Careening
35:43 Clinker Construction
38:50 Husbandry
40:25 Iron Casting
40:14 Light Cavalry
45:55 Chain Barding Armor
DSLG | GAMA_CRAZY
12:23 Loom
16:15 Feudal Age
16:53 Double-Bit Axe
21:40 Bloodlines
22:48 Bloodlines
23:41 Wheelbarrow
25:09 Padded Archer Armor
26:23 Scale Barding Armor
27:30 Fletching
28:20 Gold Mining
28:22 Stone Mining
28:52 Arson
32:25 Castle Age
33:20 Husbandry
34:56 Chain Barding Armor
39:46 Bow Saw
fedegar50
12:08 Loom
15:02 Feudal Age
16:29 Wheelbarrow
17:48 Double-Bit Axe
19:43 Fletching
25:17 Castle Age
25:19 Crossbowman
26:05 Padded Archer Armor
26:38 Bodkin Arrow
26:45 Padded Archer Armor
32:11 Leather Archer Armor
35:01 Horse Collar
37:55 Ballistics
41:12 Hand Cart
PassinGrass5794
5:08 Loom
14:41 Feudal Age
15:52 Double-Bit Axe
18:26 Castle Age
17:13 Forging
16:55 Fishing Lines
17:14 Stone Mining
18:44 Scale Barding Armor
21:30 Chain Barding Armor
21:26 Bow Saw
27:05 Horse Collar
28:29 Wheelbarrow
30:44 Iron Casting
38:09 Imperial Age
41:01 Conscription
41:44 Blast Furnace
41:19 Plate Barding Armor
44:57 Town Watch
46:03 Hand Cart
46:19 Husbandry
46:36 Bloodlines
twchang
4:06 Loom
16:12 Feudal Age
18:27 Man-at-Arms
25:10 Castle Age
23:54 Double-Bit Axe
36:02 Horse Collar
38:22 Squires
38:56 Medium Warships
39:18 Scale Mail Armor
41:32 Wheelbarrow
41:39 Fishing Lines
43:47 Hand Cart
45:32 Anarchy
Almanack
13:24 Loom
15:25 Feudal Age
21:37 Castle Age
20:27 Double-Bit Axe
25:22 Horse Collar
26:54 Padded Archer Armor
35:32 Wheelbarrow
36:36 Bow Saw
38:32 Heavy Plow
39:42 Husbandry
41:49 Bloodlines
42:57 Scale Barding Armor
42:52 Scale Mail Armor
locodecano
5:04 Loom
13:53 Feudal Age
14:21 Double-Bit Axe
21:25 Castle Age
19:47 Stone Mining
20:44 Fletching
20:52 Gold Mining
20:45 Horse Collar
21:27 Padded Archer Armor
22:41 Wheelbarrow
22:27 Medium Warships
22:34 Crossbowman
25:06 Bodkin Arrow
25:17 Fishing Lines
27:07 Ballistics
27:46 Bow Saw
29:09 Leather Archer Armor
30:03 Thumb Ring
34:38 Hand Cart
35:56 Heavy Plow
41:13 Imperial Age
40:41 Chatras
41:27 Arbalester
43:09 Chemistry
42:42 Ring Archer Armor
43:54 Bracer
45:52 Two-Man Saw
45:06 Masonry
44:51 Elite Skirmisher
45:23 Elite Rattan Archer
Connection lost

Rejoining the realm…

Still unreachable

The connection could not be restored.

Session expired

The server has moved on; the page needs a fresh start.